 Dungeon Crawl Stone Soup version 0.24.1-1-gd1d2a07e1b (webtiles) character file.

Game seed: 15999661508508263690, levelgen mode: deterministic

25 Descartes the Sneak (level 2, -2/14 HPs)
             Began as a Felid Monk on Apr 10, 2020.
             Slain by a kobold
             ... wielding a +0 short sword
              (3 damage)
             ... on level 2 of the Dungeon.
             The game lasted 00:02:06 (1223 turns).

Descartes the Sneak (Felid Monk)                    Turns: 1223, Time: 00:02:07

Health: -2/14      AC:  1    Str:  7    XL:     2   Next: 86%
Magic:  3/3        EV: 19    Int: 11    God:
Gold:   51         SH:  0    Dex: 18    Spells: 1/1 levels left
                                        Lives:  0   Deaths: 0

rFire    . . .     SeeInvis +     - Unarmed
rCold    . . .     Gourm    .   (shield unavailable)
rNeg     . . .     Faith    .   (armour unavailable)
rPois    .         Spirit   .   (helmet unavailable)
rElec    .         Reflect  .   (cloak unavailable)
rCorr    .         Harm     .   (gloves unavailable)
MR       .....     Rnd*Tele +   (boots unavailable)
Stlth    +++.......             (no amulet)
HPRegen  0.04/turn              f - ring of teleportation (curse)
MPRegen  0.08/turn              (no ring)

@: quick
A: very small, no armour, no weapons or thrown items, stealth, claws 1, fangs 3,
see invisible, carnivore, speed 1, shaggy fur 1, slow metabolism 1, sharp paws
a: no special abilities


You were on level 2 of the Dungeon.
You were very full.

You visited 1 branch of the dungeon, and saw 2 of its levels.

You collected 51 gold pieces.

Inventory:

Jewellery
 f - a cursed ring of teleportation (left paw)
Scrolls
 c - a scroll of fear {unknown}
 e - a scroll of amnesia {unknown}
Potions
 b - 2 potions of haste {unknown}
 d - a potion of ambrosia {unknown}
 g - a potion of lignification {unknown}
 h - a potion of heal wounds {unknown}
Comestibles
 a - 3 rations


   Skills:
 - Level 3.0 Fighting
 - Level 4.0 Dodging
 * Level 4.3 Stealth
 + Level 3.3 Unarmed Combat


You had one spell level left.
You didn't know any spells.
Your spell library was empty.

Dungeon Overview and Level Annotations

Branches:
Dungeon (2/15)

Altars:


Innate Abilities, Weirdness & Mutations

You cannot wear armour.
You are incapable of wielding weapons or throwing items.
Your paws allow you to move quietly. (Stealth)
You have sharp claws.
You have razor-sharp teeth.
You have supernaturally acute eyesight. (SInv)
You are carnivorous and can eat meat at any time.
You cover ground quickly.
You are covered in fur. (AC +1)
You have a slow metabolism.
Your sharp claws are effective at attacking unaware monsters.


Message History

You scratch the kobold but do no damage.
The kobold completely misses you.
You scratch the kobold.
The kobold is severely wounded.
The kobold hits you but does no damage.
You closely miss the kobold.
The kobold is severely wounded.
The kobold hits you with a +0 short sword.
* * * LOW HITPOINT WARNING * * *
You are too injured to fight recklessly!
You are too injured to fight recklessly!
You are too injured to fight recklessly!
You completely miss the kobold.
The kobold is severely wounded.
The kobold hits you with a +0 short sword.
* * * LOW HITPOINT WARNING * * *
You closely miss the kobold. Your bite misses the kobold.
The kobold is severely wounded.
The kobold hits you with a +0 short sword.
You die...

#..# #..##
##...##
##.....#
......#
.....#
#K(.# ##@#
##.#.#
##.###.####
##.## #...#
#.## ##..#
##.##
##...#
##.###.#<##
##.#.##.#
##.###.#


You could see a kobold.

Vanquished Creatures
  2 leopard geckos
  A giant cockroach (D:1)
  2 goblins (D:1)
  6 hobgoblins (D:1)
  3 kobolds (D:1)
  4 bats (D:1)
  2 frilled lizards (D:1)
  A rat (D:1)
21 creatures vanquished.

Notes
Turn   | Place    | Note
-------+----------+-------------------------------------------
     0 | D:1      | Descartes the Felid Monk began the quest for the Orb.
     0 | D:1      | Reached XP level 1. HP: 10/10 MP: 2/2
   525 | D:1      | Reached XP level 2. HP: 14/14 MP: 3/3
  1223 | D:2      | Slain by a kobold

Levels and vault maps discovered:
D:1:      minmay_arrival_widening_spiral_wide, layout_rooms, chequers_big_river,
          st_stairs_12, minmay_misc_feat_chi, minmay_tromino_i2
D:2:      layout_loops_ring, first_ration, amethyst_killhole, uniq_jessica

Skill      XL: |  1  2 |
---------------+-------+-----
Stealth        | 3 4 |  4.3
Fighting       | |  3.0
Dodging        | |  4.0
Unarmed Combat | |  3.3

Action                   || total
-------------------------++-------
Melee: Unarmed           ||    71
       Bite              ||     3
       Punch             ||     1
 Stab: Sleeping          ||     2
       Distracted        ||     1
  Eat: Chunk             ||     7
Armor: Skin              ||     5
Dodge: Dodged            ||    70
